[Event "Early-Titled-Tuesday-Blitz-October-03-2023"]
[Site "Chess.com"]
[Date "2023.10.03"]
[Round "9"]
[White "N4700000"]
[Black "invisible_s0ul"]
[Result "1-0"]
[WhiteElo "2410"]
[BlackElo "2291"]
[TimeControl "180+1"]
[EndTime "9:47:11 PDT"]
[Termination "N4700000 won by resignation"]

1. e4 c5 2. d4 Nf6 3. e5 Nd5 4. c4 Nc7 5. d5 d6 6. f4 dxe5 7. fxe5 e6 8. Nc3 Qh4+ 9. g3 Qd4 10. Qe2 exd5 11. cxd5 Nxd5 12. Nb5 Qb4+ 13. Qd2 Qxd2+ 14. Bxd2 a6 15. Nc3 Nxc3 16. Bxc3 Bd7 17. Bg2 Bc6 18.
Nf3 Nd7 19. O-O Be7 20. Rae1 O-O 21. e6 fxe6 22. Rxe6 Bf6 23. Bxf6 Nxf6 24. Re7 Rfe8 25. Rfe1 Rxe7 26. Rxe7 Re8 27. Rxe8+ Nxe8 28. Ne5 Bxg2 29. Kxg2 Nf6 30. Kf3 Kf8 31. g4 h6 32. h4 Ke7 33. g5 hxg5 34. hxg5 Nd7 35. Nd3 Ke6 36.
Ke4 c4 37. Nf4+ Kd6 38. Kf5 b5 39. a3 a5 40. Kg6 Ke5 41. Ne2 b4 42. axb4 axb4 43.
Kxg7 Kf5 44. Kh6 Ne5 45. Nd4+ Ke4 46. Nb5 Kd3 47. Kg7 c3 48. bxc3 bxc3 49. Na3 c2 50. Nxc2 Kxc2 51. Kf6 Nd7+ 52. Ke7 Ne5 53. Ke6 Nf3 54. g6 Nd4+ 55. Kf6 Nc6 56. g7 Nb4 57. g8=Q Nd5+ 58. Qxd5 1-0

[Event "Early-Titled-Tuesday-Blitz-October-03-2023"]
[Site "Chess.com"]
[Date "2023.10.03"]
[Round "9"]
[White "ViktoriyaTarasova"]
[Black "kritipatel"]
[Result "0-1"]
[WhiteElo "2367"]
[BlackElo "2156"]
[TimeControl "180+1"]
[EndTime "9:47:17 PDT"]
[Termination "kritipatel won on time"]

1. d4 d5 2. c4 e6 3. Nc3 Nf6 4. cxd5 exd5 5. Bg5 Be7 6. Qc2 c6 7. e3 Nbd7 8. Bd3 O-O 9. Nge2 Re8 10. O-O Nf8 11. Rae1 g6 12. f3 Ne6 13. Bh4 b5 14. Bf2 Bb7 15. Ng3 Rc8 16. Qb1 b4 17. Nce2 c5 18.
dxc5 Bxc5 19. Bb5 Re7 20. Nd4 Nc7 21. Bd3 a5 22. Nge2 a4 23. Rc1 Na6 24. Rc2 b3 25. axb3 axb3 26. Rc3 Nb4 27. Bb5 Qb6 28. Rxb3 Qc7 29.
Rc1 Qd6 30. Rbc3 Ba6 31. Bxa6 Nxa6 32. Nb3 Rec7 33. Bg3 Bxe3+ 34. Rxe3 Rxc1+ 35. Nbxc1 Qb6 36. Bf2 d4 37. Rd3 Nb4 38. Rxd4 Qb5 39. h3 Kg7 40. Kh2 Qe5+ 41. Bg3 Qb5 42. b3 Nc6 43. Rd2 Qb4 44. Qb2 Qe7 45. Nd3 Rd8 46. Ndf4 Rxd2 47. Qxd2 Nb4 48.
Qc3 Kh6 49. Qd2 Kg7 50. Qxb4 Qxb4 51. Nd3 Qxb3 52. Nef4 Qc3 53. Be1 Qc2 54. Nf2 Qe2 0-1

[Event "Early-Titled-Tuesday-Blitz-October-03-2023"]
[Site "Chess.com"]
[Date "2023.10.03"]
[Round "9"]
[White "NowInChess"]
[Black "copanchess"]
[Result "1/2-1/2"]
[WhiteElo "2220"]
[BlackElo "2160"]
[TimeControl "180+1"]
[EndTime "9:47:17 PDT"]
[Termination "Game drawn by stalemate"]

1. e4 e5 2. Nf3 Nc6 3. Bc4 Nf6 4. Nc3 Bc5 5. d3 d6 6. Be3 Nd4 7. Na4 Nxf3+ 8. Qxf3 Bxe3 9. Qxe3 c6 10. Nc3 O-O 11. Bb3 d5 12. Qg3 d4 13. Ne2 Qa5+ 14.
c3 dxc3 15. bxc3 Be6 16. Bxe6 fxe6 17. O-O Rad8 18. f4 exf4 19. Nxf4 Qc5+ 20. d4 Qe7 21. e5 Ne4 22. Qe3 Ng5 23. Rab1 b6 24.
Rb2 Nf7 25. Rbf2 Nh6 26. h3 Nf5 27. Qf3 c5 28. g4 Nh4 29. Qe3 cxd4 30. cxd4 Qd7 31. Qg3 Ng6 32. Nxg6 hxg6 33. Rxf8+ Rxf8 34. Rxf8+ Kxf8 35. Qf4+ Kg8 36. Qe4 Kf7 37. Kf2 a6 38.
Kg3 b5 39. Kf4 a5 40. Kg5 Qe7+ 41. Kf4 b4 42. Qd3 g5+ 43. Kg3 Qd7 44. Qf3+ Kg6 45.
Qd3+ Kf7 46. h4 gxh4+ 47. Kxh4 a4 48. Kh5 Kg8 49. Kg6 Qf7+ 50. Kg5 Qe7+ 51. Kh5 Qe8+ 52. Kh4 Qd8+ 53. g5 Qd5 54. Kg3 b3 55. axb3 Qxb3 56. Qxb3 axb3 57. d5 exd5 58. g6 b2 59. e6 b1=Q 60. e7 Qe4 61. e8=Q+ Qxe8 62. Kf4 Qe4+ 63. Kg5 Kf8 64. Kh5 Ke7 65. Kg5 Ke6 66. Kh5 Qf4 1/2-1/2

[Event "Early-Titled-Tuesday-Blitz-October-03-2023"]
[Site "Chess.com"]
[Date "2023.10.03"]
[Round "9"]
[White "GaiozNigalidze"]
[Black "hellokostya"]
[Result "1-0"]
[WhiteElo "2745"]
[BlackElo "2550"]
[TimeControl "180+1"]
[EndTime "9:47:18 PDT"]
[Termination "GaiozNigalidze won by resignation"]

1. d4 Nf6 2. c4 g6 3. Nc3 Bg7 4. e4 d6 5. Nf3 O-O 6. h3 e5 7. d5 Nh5 8. g3 Na6 9. Bg5 f6 10. Be3 f5 11. exf5 gxf5 12. Bg5 Nf6 13. Be2 Kh8 14.
Qc2 Nb4 15. Qd2 a5 16. Bh4 Qe7 17. O-O-O a4 18. a3 Na6 19. Kb1 Nc5 20. Qc2 c6 21. Rhe1 e4 22. Nd4 Qc7 23. g4 cxd5 24. Bxf6 Bxf6 25.
Nxd5 Qg7 26. Nxf5 Bxf5 27. gxf5 Nb3 28. Bg4 Rae8 29. Nf4 Nd4 30. Qxa4 Qe7 31. Ne6 Nxe6 32. fxe6 Bg7 33. Qc2 Qf6 34. Rxe4 Qxf2 35. Re2 Qb6 36. Ka2 Re7 37. Rd5 Rf1 38. Rh5 Be5 39. Rf5 Qg1 40.
Rxf1 Qxf1 41. Rf2 Qg1 42. Qf5 Bg7 43. Be2 Rxe6 44. Bd3 Qg6 45. Qd5 Qe8 46. Qxb7 Re7 47. Qd5 Qb8 48. Qf5 Be5 49. Qe4 Qb7 50. Qxb7 Rxb7 51.
b4 Bd4 52. Rf3 Be5 53. Be4 Re7 54. Bd5 Kg7 55. Kb3 Kh6 56. a4 Kg5 57. a5 h5 58. a6 Bf4 59. b5 Be3 60. Rxe3 Rxe3+ 61. Kb4 Rxh3 62. a7 1-0

[Event "Early-Titled-Tuesday-Blitz-October-03-2023"]
[Site "Chess.com"]
[Date "2023.10.03"]
[Round "9"]
[White "ajedrezhoy"]
[Black "C_K_G"]
[Result "1-0"]
[WhiteElo "2367"]
[BlackElo "1901"]
[TimeControl "180+1"]
[EndTime "9:47:20 PDT"]
[Termination "ajedrezhoy won by resignation"]

1. c4 e5 2. Nc3 Bc5 3. Nf3 Nc6 4. Nxe5 Bxf2+ 5. Kxf2 Qh4+ 6. g3 Qd4+ 7. e3 Qxe5 8. d4 Qf5+ 9. Kg1 Nf6 10. Bd3 Qh3 11.
Qf1 d6 12. Qxh3 Bxh3 13. a3 a6 14. Bd2 O-O 15. Nd5 Nxd5 16. cxd5 Ne7 17. Bc4 Rfe8 18.
Kf2 Nf5 19. Rhe1 Re7 20. Rac1 Rae8 21. Bd3 Nh6 22. e4 Ng4+ 23. Kg1 h6 24. Ba5 b6 25.
Bd2 Nf6 26. Bxa6 Nxe4 27. Bb4 Ng5 28. Kf2 Ne4+ 29. Kg1 Ng5 30. Rxe7 Rxe7 31. Bc3 Nf3+ 32. Kf2 Nxh2 33. Rh1 Ng4+ 34. Kf3 Re3+ 35. Kf4 g5+ 36. Kf5 Nf2+ 37. Rxh3 Nxh3 38. g4 Rf3+ 39. Ke4 Rf4+ 40. Ke3 Rxg4 41. Bc8 Rh4 42. Be1 Ng1 43. Bxh4 gxh4 44.
Kf2 h3 45. Kxg1 Kg7 46. b4 Kf6 47. a4 Ke7 48. a5 bxa5 49. bxa5 Kd8 50. Bxh3 c5 51.
dxc6 Kc7 52. d5 f6 53. Kf2 h5 54. Bf5 Kb8 55. a6 Ka7 56. c7 h4 57. c8=Q 1-0

[Event "Early-Titled-Tuesday-Blitz-October-03-2023"]
[Site "Chess.com"]
[Date "2023.10.03"]
[Round "9"]
[White "ama18"]
[Black "Khromkin"]
[Result "1-0"]
[WhiteElo "2551"]
[BlackElo "2451"]
[TimeControl "180+1"]
[EndTime "9:47:26 PDT"]
[Termination "ama18 won by resignation"]

1. e4 c5 2. Nf3 Nc6 3. d4 cxd4 4. Nxd4 g6 5. c4 Bg7 6. Be3 Nf6 7. Nc3 Ng4 8. Qxg4 Nxd4 9. Qd1 Ne6 10. Qd2 Qa5 11. Rc1 b6 12. a3 Bb7 13. f3 f5 14. exf5 gxf5 15. Bd3 Rg8 16. b4 Qxa3 17. Nb5 Qb2 18.
Bxf5 Qxd2+ 19. Bxd2 Be5 20. O-O Nd4 21. Bxh7 Rg7 22.
Rce1 Bxf3 23. Rf2 Nxb5 24. Rxe5 Rxh7 25. Rxf3 Nd4 26. Rg3 O-O-O 27. Bc3 Nc6 28. Re4 d6 29. h4 Kd7 30. b5 Na5 31. Bxa5 bxa5 32. Ra3 Rc8 33.
Rxa5 Rc7 34. Ra3 e5 35. Kh2 Ke6 36. Kh3 d5 37. cxd5+ Kxd5 38. Rae3 Rhe7 39. g4 Rc4 40. Rxc4 Kxc4 41. g5 Kd4 42. Re1 e4 43. Kg4 Kd3 44. h5 Kd2 45. Ra1 e3 46. g6 e2 47. h6 Re6 48. Kf5 Rb6 49. Ra2+ Kd1 50. Rxe2 Kxe2 51. h7 Rxb5+ 52. Kf6 Rb6+ 53. Kg5 Rb5+ 54. Kh6 Rb8 55. g7 Rb6+ 56. Kh5 Rb5+ 57. Kh4 Rb4+ 58. Kh3 a5 59. g8=Q a4 60. h8=Q Rb3+ 61. Qxb3 axb3 62. Qb2+ Ke3 63. Qxb3+ Ke4 64. Qd1 1-0

[Event "Early-Titled-Tuesday-Blitz-October-03-2023"]
[Site "Chess.com"]
[Date "2023.10.03"]
[Round "9"]
[White "Malysch"]
[Black "MMAHDI2013"]
[Result "1/2-1/2"]
[WhiteElo "2518"]
[BlackElo "2424"]
[TimeControl "180+1"]
[EndTime "9:47:27 PDT"]
[Termination "Game drawn by repetition"]

1. d4 Nf6 2. c4 e6 3. g3 Bb4+ 4. Nd2 d5 5. Bg2 O-O 6. Nf3 dxc4 7. Qc2 Bxd2+ 8. Bxd2 b5 9. a4 Bb7 10.
axb5 c6 11. Ne5 Nd5 12. bxc6 Nxc6 13. Nxc6 Bxc6 14. Qxc4 Rc8 15. O-O Ne3 16. Bxe3 Bxg2 17.
Qxc8 Qxc8 18. Kxg2 Qb7+ 19. Kg1 Ra8 20. Ra2 Qb5 21. Rfa1 a5 22. Kf1 a4 23. Ra3 h5 24.
b3 axb3 25. Rxa8+ Kh7 26. Rb1 Qd5 27. f3 Qxa8 28. Rxb3 Qa2 29. Rd3 Kg6 30. Kf2 Kf5 31. h3 g5 32. g4+ Kg6 33. Rd2 Qa1 34. Kg2 h4 35. Bf2 f6 36. e4 Qc1 37. Re2 Qd1 38. Ra2 Qb3 39. Ra6 Qc4 40. Rb6 Kf7 41. Rd6 Ke7 42. Rb6 Kf7 43. Rb7+ Kg6 44. Rb6 Qa2 45. Rd6 Kf7 46. d5 exd5 47. Rxd5 Qb3 48. Rd6 Qa2 49.
Rd7+ Kg6 50. Ra7 Qb2 51. Ra6 Qc2 52. Rb6 Qd2 53. e5 Kf7 54. Rxf6+ Ke7 55. Rf5 Ke6 56.
Rf8 Kxe5 57. Rf5+ Ke6 58. Rf8 Ke7 59. Rf5 Qc1 60. Rd5 Ke6 61. Rf5 Ke7 62. Re5+ Kf6 63. Rf5+ Ke6 64. Rf8 Ke7 65. Rf5 Ke6 66. Rf8 Ke7 67. Rf5 Ke6 1/2-1/2

[Event "Early-Titled-Tuesday-Blitz-October-03-2023"]
[Site "Chess.com"]
[Date "2023.10.03"]
[Round "9"]
[White "Orujov2008"]
[Black "NovikovaGalina"]
[Result "0-1"]
[WhiteElo "2644"]
[BlackElo "2451"]
[TimeControl "180+1"]
[EndTime "9:47:28 PDT"]
[Termination "NovikovaGalina won on time"]

1. e4 e6 2. d4 d5 3. Nd2 Nc6 4. Ngf3 g5 5. Bb5 Bd7 6. exd5 exd5 7. Nb3 Qe7+ 8. Kf1 f6 9. h4 g4 10. Ng1 h5 11. Bf4 O-O-O 12. Nc5 Bh6 13. Bxh6 Nxh6 14. Ne2 Nf5 15. c3 g3 16. Qd3 gxf2 17. Kxf2 Nd6 18. Nf4 Ne4+ 19. Nxe4 dxe4 20. Qe3 Rhg8 21. Rhe1 f5 22.
g3 Kb8 23. a4 Rg4 24. a5 Rdg8 25. Rg1 a6 26. Bxc6 Bxc6 27. c4 Qf7 28. d5 Bd7 29. c5 Rxf4+ 30. gxf4 Rxg1 31. Rxg1 Qxd5 32. Rg5 Bb5 33.
Rxh5 c6 34. Rg5 Ka7 35. h5 Qd1 36. h6 Qf1+ 37. Kg3 Qh1 38. Rxf5 Qxh6 39. Rg5 Qh1 40. Re5 Bf1 41. Rxe4 Qh3+ 42. Kf2 Qg2+ 43. Ke1 Bb5 44.
Re8 Qf1+ 45. Kd2 Qb1 46. f5 Qxb2+ 47. Ke1 Qb1+ 48. Kf2 Qxf5+ 49. Ke1 Qb1+ 50. Kf2 Qc2+ 51. Kg3 Qg6+ 52. Kf4 Qf6+ 53. Kg4 Qg6+ 54. Kh3 Qh5+ 55. Kg2 Qg4+ 56. Kf2 Qf5+ 57. Qf3 Qc2+ 0-1

[Event "Early-Titled-Tuesday-Blitz-October-03-2023"]
[Site "Chess.com"]
[Date "2023.10.03"]
[Round "9"]
[White "crazy_m_attack"]
[Black "Kyrie-Eleven"]
[Result "1-0"]
[WhiteElo "2408"]
[BlackElo "2291"]
[TimeControl "180+1"]
[EndTime "9:47:33 PDT"]
[Termination "crazy_m_attack won by resignation"]

1. e4 e6 2. d4 d5 3. Nc3 Bb4 4. a3 Bxc3+ 5. bxc3 dxe4 6. Qg4 Nf6 7. Qxg7 Rg8 8. Qh6 c5 9. Ne2 Rg6 10. Qd2 Nc6 11.
dxc5 Qxd2+ 12. Bxd2 Bd7 13. Nd4 O-O-O 14. Nb5 Kb8 15. O-O-O Nd5 16. c4 Nde7 17. Nd6 f5 18. Nf7 Rf8 19. Bf4+ Kc8 20. Nd6+ Kc7 21. Nxb7+ e5 22.
Bg3 f4 23. Bh4 Nf5 24. g3 Nxh4 25. gxh4 Bg4 26. Nd6 Bxd1 27. Kxd1 Rxd6+ 28. cxd6+ Kxd6 29. Rg1 Rf7 30. Rg8 Nd4 31. Rd8+ Kc7 32. Rd5 Nf3 33. Bg2 Nxh4 34. Bxe4 Re7 35. Rc5+ Kb6 36. Rc6+ Ka5 37.
Rh6 Ng6 38. Bxg6 hxg6 39. Rxg6 Rc7 40. Re6 Rxc4 41. Rxe5+ Ka4 42. f3 Kxa3 43. Re4 Rxe4 44. fxe4 Kb4 45. Ke2 a5 46. h4 a4 47. h5 a3 48. h6 a2 49. c3+ Kb3 50. h7 a1=Q 51.
h8=Q Qb2+ 52. Kf3 Qd2 53. Qb8+ Kc2 54. Qxf4 Qd1+ 55. Kg3 Qg1+ 56. Kh4 Qh1+ 57. Kg5 Qg2+ 58. Kf6 Qg8 59. e5 Kxc3 60. e6 Qf8+ 61. Kg5 Qg8+ 62. Kf5 Qf8+ 63. Ke4 Qb4+ 64. Kf3 Qb7+ 65. Qe4 Qe7 66.
Qc6+ Kd4 67. Qd7+ 1-0

[Event "Early-Titled-Tuesday-Blitz-October-03-2023"]
[Site "Chess.com"]
[Date "2023.10.03"]
[Round "9"]
[White "Zhigalko_Sergei"]
[Black "chito89"]
[Result "0-1"]
[WhiteElo "2920"]
[BlackElo "2817"]
[TimeControl "180+1"]
[EndTime "9:47:35 PDT"]
[Termination "chito89 won on time"]

1. e4 c6 2. d4 d5 3. e5 Bf5 4. Nf3 e6 5. Be2 c5 6. Be3 cxd4 7. Nxd4 Ne7 8. Nd2 Nbc6 9. N2f3 Be4 10. O-O a6 11. Rc1 Nf5 12. Nxf5 Bxf5 13. c4 dxc4 14. Bxc4 Qxd1 15. Rfxd1 Be7 16. Nd4 Nxe5 17. Nxf5 exf5 18. Bd5 O-O 19. Bxb7 Rab8 20. Bd5 Rxb2 21. Bd4 Rb5 22.
Bxe5 Rd8 23. Bc4 Rxd1+ 24. Rxd1 Rxe5 25. Bxa6 Rc5 26. Kf1 g6 27. Rd2 Rc3 28. Ke2 h5 29. Rd3 Rc2+ 30. Rd2 Rc1 31. Rb2 Bf6 32. Rb8+ Kg7 33. Bd3 h4 34. Rb7 Bd4 35. h3 Ra1 36. Bc4 Kh6 37. Rxf7 Rb1 38. Rd7 Rb2+ 39. Kd3 Bxf2 40.
Bd5 Bg3 41. a4 Be1 42. Ra7 Rd2+ 43. Kc4 Bf2 44. Ra6 Rd4+ 45. Kc5 Rxa4+ 46. Kb5 Rd4 47. Bf7 Kg5 48. Rxg6+ Kf4 49. Be6 Bg3 50. Kc6 Rd2 51.
Bd5 Ke3 52. Re6+ Kf2 53. Rf6 f4 54. Be4 Re2 55. Bd5 Kg1 56. Kc5 Rxg2 57. Bxg2 Kxg2 58. Kd4 Kxh3 59. Kd3 Kg2 60. Ke2 h3 61. Kd1 f3 62.
Kd2 h2 63. Ke3 h1=Q 64. Rxf3 Qe1+ 65. Kd4 Kxf3 0-1

[Event "Early-Titled-Tuesday-Blitz-October-03-2023"]
[Site "Chess.com"]
[Date "2023.10.03"]
[Round "9"]
[White "Alexchess1984"]
[Black "Murad_Ibrahimli"]
[Result "0-1"]
[WhiteElo "2724"]
[BlackElo "2912"]
[TimeControl "180+1"]
[EndTime "9:47:37 PDT"]
[Termination "Murad_Ibrahimli won by resignation"]

1. e4 c5 2. c3 d5 3. exd5 Qxd5 4.
d4 g6 5. Nf3 Bg7 6. Nbd2 cxd4 7.
Bc4 Qd8 8. Nxd4 Nh6 9. N2f3 O-O 10. O-O Qc7 11. Qe2 Nf5 12. Re1 Nc6 13. Nxc6 bxc6 14. h3 Rb8 15. Ne5 Nd6 16. Bb3 c5 17. Bf4 Rb6 18. Rad1 Ba6 19. c4 Bb7 20. Ba4 Bc8 21.
b3 Be6 22. Bg3 Qc8 23. Nf3 Nf5 24. Be5 f6 25. Bc3 h5 26. Bb5 Kf7 27. Ba4 Rd6 28.
Rxd6 Nxd6 29. Ba1 Nf5 30. Qb2 Bh8 31. Qe2 h4 32. Bc3 Rd8 33. Qe4 g5 34. Bc6 Bg7 35. Bd5 Bxd5 36. cxd5 Qd7 37. Rd1 Nd6 38. Qe3 Rc8 39. Re1 Rc7 40. Qd3 Qf5 41. Qd2 Rd7 42. Qd1 Ne8 43. Qe2 Qxd5 44. Bb2 Nd6 45. Qc2 Qf5 46.
Qe2 e5 47. Qa6 Qe6 48. Nd2 Nf5 49. Qxe6+ Kxe6 50. Ne4 Bf8 51. Ba3 Rd5 52. Rc1 Nd4 53. Kf1 Kf5 54. Nxc5 Nb5 55. Bb4 a5 56. a4 axb4 57.
axb5 Rxc5 0-1

[Event "Early-Titled-Tuesday-Blitz-October-03-2023"]
[Site "Chess.com"]
[Date "2023.10.03"]
[Round "9"]
[White "Kgutierrez95"]
[Black "Kostya0705"]
[Result "0-1"]
[WhiteElo "2231"]
[BlackElo "2602"]
[TimeControl "180+1"]
[EndTime "9:47:39 PDT"]
[Termination "Kostya0705 won on time"]

1. e4 c5 2. Nf3 e6 3. d4 cxd4 4. Nxd4 Nc6 5. Nc3 Qc7 6. Ndb5 Qb8 7. Be2 a6 8. Nd4 Nf6 9. O-O Be7 10. Be3 O-O 11. f4 d6 12. Kh1 Qc7 13. f5 Nxd4 14. Qxd4 e5 15. Qd2 b5 16. a3 Bb7 17.
Bf3 Rfd8 18. Bg5 Rac8 19. Bxf6 Bxf6 20. Rad1 d5 21. exd5 e4 22. Bxe4 Bxc3 23. bxc3 Qxc3 24. Qg5 f6 25. Qh5 Qe5 26. Rfe1 Rc3 27. Bf3 Qd6 28. Re8+ Rxe8 29. Qxe8+ Qf8 30. Qe6+ Kh8 31. d6 Bxf3 32. gxf3 Qa8 33. Qe4 Qxe4 34. fxe4 Rc8 35. d7 Rd8 36. Rd6 Kg8 37. Rxa6 Rxd7 38. Rb6 Rd2 39. Rxb5 Rxc2 40. Rb4 Ra2 41. a4 Kf7 42. Rd4 Ke7 43. Kg1 h5 44. h4 Ke8 45. Kf1 Ke7 46. Ke1 Rh2 47.
a5 Ra2 48. Rd5 Ra4 49. Kd1 Rxe4 50. Rb5 Rxh4 51. Rb7+ Kd6 52. a6 Ra4 53. a7 Ke5 54.
Rxg7 Kxf5 55. Kc2 h4 56. Kb3 Ra1 57. Kb2 Ra6 58. Rh7 Kg4 59. Kb3 h3 60. Kc3 f5 61.
Kd3 Kg3 62. Rg7+ Kf3 63. Rh7 Kg2 64. Rg7+ Kh1 65. Ke3 h2 66. Kf2 f4 67. Kf1 Ra2 68.
Rh7 f3 69. Rg7 Ra5 70. Rh7 Ra2 0-1

[Event "Early-Titled-Tuesday-Blitz-October-03-2023"]
[Site "Chess.com"]
[Date "2023.10.03"]
[Round "9"]
[White "bascheyaro"]
[Black "Grischuk"]
[Result "1-0"]
[WhiteElo "2841"]
[BlackElo "3000"]
[TimeControl "180+1"]
[EndTime "9:47:40 PDT"]
[Termination "bascheyaro won on time"]

1. d4 e6 2. Nf3 c5 3. c3 Nf6 4.
Bf4 b6 5. e3 Bb7 6. Nbd2 cxd4 7. cxd4 Be7 8. Bd3 Nh5 9. Bg3 O-O 10. Ne5 g6 11. O-O d6 12. Nef3 Nd7 13. Rc1 Nxg3 14. hxg3 Nf6 15. Qe2 a6 16. Rc2 b5 17. Rfc1 Qb6 18.
a3 Rfc8 19. Rxc8+ Rxc8 20. Rxc8+ Bxc8 21. Qd1 Bb7 22. Qc2 Kg7 23. Kf1 Qc6 24. Qxc6 Bxc6 25.
b4 Bd8 26. Nb3 Nd5 27. Ke2 f5 28. Kd2 Nf6 29. Ke1 h6 30. Bf1 Bb6 31. Nfd2 g5 32. Nb1 Kf7 33. Nc3 e5 34. dxe5 dxe5 35. Na5 Bxa5 36.
bxa5 Ke6 37. Na2 Bb7 38. Nb4 Ne4 39. Bd3 Nc5 40. e4 Nxd3+ 41. Nxd3 Bxe4 42. Nc5+ Kd5 43. Nxa6 Bxg2 44. Ke2 g4 45. Ke3 Kd6 46. Nb4 h5 47. a6 Ba8 48. Nd3 Be4 49. a7 Ba8 50. Ke2 Kd5 51.
Ke3 Bb7 52. Nb4+ Kc4 53. Nd3 Kd5 54. Nb4+ Kd6 55. Nd3 Ba8 56. Nb4 Kc7 57. Nd3 f4+ 58.
Kd2 fxg3 59. fxg3 Kb6 60. Nxe5 Kxa7 61. Ng6 Kb6 62. Nf4 h4 63. gxh4 g3 64. Ke3 Ka5 65.
h5 g2 66. Nxg2 1-0

[Event "Early-Titled-Tuesday-Blitz-October-03-2023"]
[Site "Chess.com"]
[Date "2023.10.03"]
[Round "9"]
[White "FoxOnTheRun97"]
[Black "sonicdravise"]
[Result "1/2-1/2"]
[WhiteElo "2539"]
[BlackElo "2667"]
[TimeControl "180+1"]
[EndTime "9:47:44 PDT"]
[Termination "Game drawn by repetition"]

1. d4 Nf6 2. c4 c5 3. d5 e6 4. Nc3 exd5 5. cxd5 d6 6. g3 g6 7. Bg2 Bg7 8. e3 O-O 9. Nge2 Nbd7 10. O-O a6 11. a4 Rb8 12. a5 b5 13. axb6 Nxb6 14. Nf4 Nc4 15. Qe2 Na5 16. Ra3 Nb3 17. Qc2 Qb6 18. Na4 Qb7 19. Rd1 Bd7 20. Bd2 Nxd2 21. Rxd2 Bb5 22. h4 Nd7 23. h5 Ne5 24. Rd1 Nc4 25. Ra2 Bxa4 26. Rxa4 Nxb2 27. Rb1 Qa7 28. Ra2 Rb4 29. Raxb2 Bxb2 30. Rxb2 Rfb8 31. Ra2 Qe7 32. hxg6 hxg6 33. Bh3 Kg7 34. Bg4 R4b6 35. Kg2 Qe5 36. Bf3 Rb2 37. Rxb2 Qxb2 38. Qa4 Qb5 39. Qa1+ Kg8 40. Qf6 Qd7 41. Be4 Qd8 42. Qa1 a5 43. Bxg6 fxg6 44. Nxg6 Kf7 45. Nf4 Ra8 46. Ne6 Qf6 47. Qb1 Ke7 48. Qb7+ Ke8 49. Qxa8+ Kf7 50. Qxa5 Kg6 51. Qa8 Qe5 52. Qg8+ Kh6 53. Qf8+ Kg6 54. Qf4 Qxd5+ 55. e4 Qxe6 56. g4 c4 57. f3 c3 58.
Qc1 Qa2+ 59. Kg3 c2 60. Qf4 Qa6 61. e5 dxe5 62. Qf5+ Kg7 63. Qxc2 Qf1 64. Qf5 Qg1+ 65. Kh3 Qh1+ 66. Kg3 Qg1+ 67. Kh3 Qh1+ 68. Kg3 Qg1+ 1/2-1/2

[Event "Early-Titled-Tuesday-Blitz-October-03-2023"]
[Site "Chess.com"]
[Date "2023.10.03"]
[Round "9"]
[White "tolimachess"]
[Black "viktorskliarov"]
[Result "1/2-1/2"]
[WhiteElo "2461"]
[BlackElo "2655"]
[TimeControl "180+1"]
[EndTime "9:47:45 PDT"]
[Termination "Game drawn - insufficient material"]

1. e4 c5 2. Nc3 Nc6 3. g3 g6 4. Bg2 Bg7 5. d3 d6 6. Be3 Rb8 7.
a4 a6 8. Qd2 b5 9. axb5 axb5 10.
f4 b4 11. Nd1 Nd4 12. Nf3 Bg4 13. O-O Qd7 14. Qf2 Nxf3+ 15. Bxf3 Bxf3 16. Qxf3 Nf6 17. e5 Ng4 18. exd6 exd6 19. Ra8 O-O 20. Rxb8 Rxb8 21. Kg2 Qb7 22. b3 f5 23. h3 Qxf3+ 24. Rxf3 Nf6 25. d4 Ne4 26. dxc5 dxc5 27. Nf2 Nxf2 28. Rxf2 Rc8 29. Rd2 c4 30. bxc4 Rxc4 31. Kf3 h5 32. g4 fxg4+ 33. hxg4 hxg4+ 34. Kxg4 Bf6 35. Rd6 Kf7 36. Rb6 Be7 37. Bd2 g5 38. Kf5 gxf4 39. Bxf4 Rxc2 40. Rb7 Rc5+ 41.
Ke4 Rc4+ 42. Ke3 Ke6 43. Rb6+ Kd5 44. Rb7 Bc5+ 45. Kf3 Rc3+ 46. Ke2 Kc4 47. Bd2 Rh3 48. Rc7 Kb5 49. Rb7+ Kc4 50. Rc7 Rh2+ 51. Kd1 Kd5 52. Rd7+ Bd6 53. Bf4 Rh1+ 54. Ke2 Kc4 55. Rxd6 b3 56.
Rb6 Kc3 57. Be5+ Kc4 58. Bf6 Rh2+ 59. Kf3 Rh3+ 60. Ke4 Rh1 61. Kf5 Rf1+ 62. Ke6 Re1+ 63. Be5 Re3 64. Rc6+ Kb4 65. Rc1 Re2 66. Kd5 b2 67.
Rd1 Kb3 68. Bxb2 Kxb2 69. Rd4 Kc2 70. Kc5 Rd2 71. Rc4+ Kd1 72. Rd4 Rxd4 73. Kxd4 1/2-1/2

[Event "Early-Titled-Tuesday-Blitz-October-03-2023"]
[Site "Chess.com"]
[Date "2023.10.03"]
[Round "9"]
[White "MAGMAchess02"]
[Black "becemix"]
[Result "1-0"]
[WhiteElo "2377"]
[BlackElo "2501"]
[TimeControl "180+1"]
[EndTime "9:47:46 PDT"]
[Termination "MAGMAchess02 won on time"]

1. Nf3 d5 2. c4 e6 3. g3 Nf6 4. Bg2 Nbd7 5. O-O dxc4 6. Na3 Bxa3 7. bxa3 O-O 8. Qc2 a6 9. a4 b5 10. Nd4 Nd5 11. axb5 axb5 12. Nxb5 Ba6 13. Nd4 c5 14. Nf3 N7b6 15. Rb1 c3 16. dxc3 Nc4 17. e4 Ne7 18. Rd1 Qa5 19. Nd2 Rfd8 20. Nxc4 Bxc4 21. Be3 Qxa2 22.
Qxa2 Bxa2 23. Rxd8+ Rxd8 24. Ra1 Bc4 25. Bxc5 Nc6 26.
h3 e5 27. Bf3 h6 28. Kg2 Rd3 29. Bb4 Be6 30. h4 g5 31. hxg5 hxg5 32. Rd1 Nxb4 33. cxb4 Rb3 34. Rd8+ Kg7 35. Rb8 g4 36. Be2 Rb2 37.
Ba6 Kf6 38. Bc8 Bxc8 39. Rxc8 Rxb4 40. Rc6+ Kg7 41. Rc5 Rxe4 42. Rc6 f6 43. Rb6 Kg6 44. Ra6 Kf5 45. Ra3 Rd4 46. Rb3 Rc4 47. Ra3 Rc6 48.
Rb3 Ke6 49. Ra3 f5 50. Ra4 Rc5 51. Rb4 Kd5 52. Ra4 Ke6 53. Rb4 Kf6 54. Ra4 Kg5 55. Ra8 f4 56. Rg8+ Kf5 57. Rf8+ Ke4 58. Rg8 f3+ 59. Kh2 Kd3 60. Rxg4 e4 61. Rf4 Rc2 62. Kg1 Rc1+ 63. Kh2 Rf1 64. g4 Rxf2+ 65. Kg3 Rg2+ 66. Kh3 Ke3 67. Rf8 Rg1 68. Kh4 1-0

[Event "Early-Titled-Tuesday-Blitz-October-03-2023"]
[Site "Chess.com"]
[Date "2023.10.03"]
[Round "9"]
[White "Mops_2004"]
[Black "Fandorine"]
[Result "0-1"]
[WhiteElo "2797"]
[BlackElo "2926"]
[TimeControl "180+1"]
[EndTime "9:47:48 PDT"]
[Termination "Fandorine won on time"]

1. g3 g6 2. Bg2 Bg7 3. d4 d5 4. Nf3 Nf6 5. O-O O-O 6. c4 c5 7. dxc5 dxc4 8. Na3 c3 9. Nd4 Ne4 10. Bxe4 Qxd4 11. Qxd4 Bxd4 12. bxc3 Bxc5 13. Rb1 Nd7 14. Nc4 Nf6 15. Bg2 Be6 16. Na5 Bb6 17. Nb3 Bd5 18. Ba3 Rfe8 19. Bxd5 Nxd5 20. c4 Nc3 21. Rb2 Bc7 22.
Rc1 Ne4 23. c5 Rad8 24. Kg2 f5 25. e3 Kf7 26. Nd4 b6 27. c6 a6 28. Bb4 Rd5 29. a4 e5 30. Nf3 Red8 31. Be1 h6 32. h4 Nf6 33. Rbc2 Ne4 34. Rb1 Kf6 35. Rbc1 g5 36.
hxg5+ hxg5 37. Ng1 g4 38. Ne2 Ke6 39. Nc3 Nxc3 40. Bxc3 Rd1 41. Rxd1 Rxd1 42. Bb4 a5 43.
Bf8 Ra1 44. Rd2 Rc1 45. Rd7 Rxc6 46. Re7+ Kd5 47. Rf7 Ke4 48. Bg7 Rc4 49. Kf1 Bd6 50. Rd7 Kd5 51. Bf8 Rc6 52. Bxd6 Rxd6 53. Rf7 Ke4 54.
Kg2 Rc6 55. Rb7 Kd5 56. Rd7+ Rd6 57. Rf7 Ke6 58. Rb7 Rc6 59. Rb8 Kd5 60. Rf8 Rc4 61. Rb8 Rb4 62. Rd8+ Ke4 63. Rd6 Rxa4 64. Rxb6 Ra2 65.
Ra6 a4 66. Ra8 a3 67. Ra4+ Kd3 68. Ra5 e4 69. Rxf5 Rc2 70. Ra5 a2 71. Ra3+ Kd2 72. Ra4 Kc1 73. Kf1 Kb1 0-1

[Event "Early-Titled-Tuesday-Blitz-October-03-2023"]
[Site "Chess.com"]
[Date "2023.10.03"]
[Round "9"]
[White "Kielinkei"]
[Black "Let_it_be_1"]
[Result "0-1"]
[WhiteElo "2472"]
[BlackElo "2627"]
[TimeControl "180+1"]
[EndTime "9:47:50 PDT"]
[Termination "Let_it_be_1 won on time"]

1. c4 e6 2. d4 d5 3. Nc3 Be7 4. cxd5 exd5 5. Bf4 c6 6. e3 Bf5 7. Bd3 Bxd3 8. Qxd3 Nf6 9. Nf3 Nbd7 10. O-O O-O 11. h3 Re8 12. Ne5 Nf8 13. Bh2 N6d7 14. f4 f6 15. Nf3 Bb4 16. Ne2 Qe7 17. Kf2 c5 18.
a3 cxd4 19. axb4 dxe3+ 20. Kg1 Qxb4 21. Qxd5+ Kh8 22. Qd4 Qb5 23. Rfe1 Nc5 24. Nc3 Qc6 25.
Rad1 Re7 26. Rxe3 Rd7 27. Qc4 Rxd1+ 28. Nxd1 Rd8 29. Nc3 a6 30. b4 Nd3 31. Qxc6 bxc6 32. f5 Nxb4 33. Bc7 Rc8 34. Bd6 c5 35. Na4 Nd7 36.
Re7 Nb8 37. Nxc5 Nd5 38. Ra7 Nc6 39. Rxa6 Ncb4 40. Ra1 Ne3 41. Ne4 Nbc2 42. Rb1 Nxf5 43. Rb8 Nxd6 44. Rxc8+ Nxc8 45. Kf2 Nb4 46. Ke3 Nd5+ 47. Kf2 Nf4 48. Nd4 Ne7 49. h4 h5 50.
g3 Nfd5 51. Ne6 Kg8 52. Nf4 Nxf4 53. gxf4 Nf5 54. Nc5 Nxh4 55. Nd7 Kf7 56. Nc5 Nf5 57. Ne4 Ke6 58. Kf3 Kd5 59. Nc3+ Kd4 60. Nb5+ Kd3 61. Nc7 g5 62. fxg5 fxg5 63. Ne6 g4+ 64. Kf4 Nd4 65. Ng7 Ne2+ 66. Ke5 g3 67. Nf5 g2 68. Nh4 g1=Q 0-1